 Dungeon Crawl Stone Soup version 0.30-a0-394-g3e4acdb0ae (webtiles) character file.

Game seed: 10102213656185674700

244 Ijustatesigmund the Magician (level 5, -2/29 HPs)
             Began as a Deep Elf Fire Elementalist on Dec 6, 2022.
             Killed by divine providence
             ... invoked by an orc priest
              (13 damage)
             ... on level 4 of the Dungeon.
             The game lasted 00:05:17 (2654 turns).

Ijustatesigmund the Magician (DEFE)                 Turns: 2654, Time: 00:05:18

Health: -2/29      AC:  4    Str:  5    XL:     5   Next: 83%
Magic:  21/23      EV: 12    Int: 22    God:
Gold:   176        SH:  0    Dex: 15    Spells: 11/14 levels left

rFire   . . .      SeeInvis .    m - +1 dagger (venom)
rCold   . . .      Faith    .    (no shield)
rNeg    . . .      Spirit   .    a - +0 robe
rPois   .          Reflect  .    i - +1 helmet
rElec   .          Harm     .    (no cloak)
rCorr   .          Rampage  .    (no gloves)
Will    .....                    (no boots)
Stlth   ++........               (no amulet)
HPRegen 0.24/turn                e - ring of magical power
MPRegen 0.18/turn                h - ring of flight

@: flying
A: no striking features
a: no special abilities


You were on level 4 of the Dungeon.
You visited 1 branch of the dungeon, and saw 4 of its levels.

You collected 176 gold pieces.

Inventory:

Hand Weapons
 d - a +0 short sword
 m - a +1 dagger of venom (weapon)
Armour
 a - a +0 robe (worn)
 i - a +1 helmet (worn)
Jewellery
 e - a ring of magical power (left hand)
 h - a ring of flight (right hand)
Potions
 g - 2 potions of lignification
 j - a potion of heal wounds {unknown}
 n - a potion of resistance {unknown}
 o - a potion of flight {unknown}


   Skills:
 + Level 1.2 Fighting
 - Level 2.4 Dodging
 - Level 2.4 Stealth
 + Level 5.1 Spellcasting
 + Level 3.5 Conjurations
 + Level 4.8 Fire Magic


You had 11 spell levels left.
You knew the following spells:

 Your Spells              Type           Power      Damage    Failure   Level
a - Foxfire               Conj/Fire      96%        2x1d8     1%          1
b - Scorch                Fire           52%        2d8       1%          2

Your spell library contained the following spells:

 Spells                   Type           Power      Damage    Failure   Level
 Inner Flame              Hex/Fire       16%        N/A       11%         3
 Kindle Blastsparks       Fire/Tloc/Air  24%        2d12      16%         3
 Flame Wave               Conj/Fire      24%        2d8       19%         4


Dungeon Overview and Level Annotations

Branches:
Dungeon (4/15)
 Temple: D:4-7

Altars:


Message History

Beogh smites you!
Ouch! That really hurt!
Casting: Foxfire (safe; 1% risk of failure)
Confirm with . or Enter, or press ? or * to list all spells.
You conjure some foxfire!
The foxfire hits the kobold.
You kill the kobold!
The orc priest looks braver for a moment.
The foxfire hits the orc!
You kill the orc!
A goblin comes into view. It is wielding a +0 club.
Casting: Foxfire (safe; 1% risk of failure)
Confirm with . or Enter, or press ? or * to list all spells.
You conjure some foxfire!
The goblin shouts!
You hear a shout!
The foxfire hits the orc priest.
The orc priest is moderately wounded.
The orc priest mumbles some strange prayers to Beogh against you.
Beogh smites you!
* * * LOW HITPOINT WARNING * * *
The orc priest calls upon Beogh to heal the orc priest.
The orc priest's wounds heal themselves!
You hear a shout!
You feel better.
The foxfire hits the orc priest but does no damage.
Magic courses through your body.
An orc priest comes into view. It is wielding a +0 hand axe.
An orc priest comes into view. It is wielding a +0 mace.
Casting: Foxfire (safe; 1% risk of failure)
Confirm with . or Enter, or press ? or * to list all spells.
Flames lash the goblin.
The goblin is heavily wounded.
The goblin's fire resistance burns away.
The orc priest shouts!
You hear a shout!
The orc priest casts a cantrip, but nothing happens.
An orc wizard comes into view. It is wielding a +0 dagger.
The orc priest invokes the aid of Beogh against you.
Pain shoots through your body!
The orc priest mumbles some strange prayers to Beogh against you.
Beogh smites you!
You die...

*,,,,,,*,,,,,,,,,,,,,,,*,,,
*,**,....,.#*.,,oo**,,,,,,,
*,,..#.#)*..,.,o..,,,*,*,*,
*******,#.#...#.*.#.).#,*,*,,,*,
*,>,*##,........,.#.#.#,,,,,,,,,
##...**..##.....##.)....,**,,,,,*
.....***,.......§g...#,,,,,,,,,,,
#....* ####.###.#oo..#,,,,*,***,*
##...###(.....).@....#,,,,,,,,,,,
.....#.#.##.†...##......,**,,,,,*
^..........).......#.#.#,,,,,,,,,
......#..#.#...#.#.#,..*,*,*,,,*,
..<....#####.#.#.....,,.,,,*,*,*,
...###.# ##....##...,,**,,,,,,,
.,,* #.#######.....,..,,,,,,,*,,,
,,** #.....# #....#,***,*,,,,*,,,
,** ##....##*#.....,..,,,,,,,*,,,


You could see 4 orc priests, an orc wizard and a goblin (combustible).

Vanquished Creatures
  A scorpion (D:4)
  An iguana (D:4)
  An orc wizard (D:4)
  Robin (D:3)
  4 adders
  An ufetubus (D:3)
  A worm (D:4)
  3 dart slugs
  7 orcs (D:4)
  3 endoplasms
  2 giant cockroaches (D:2)
  14 goblins
  4 hobgoblins
  5 quokkas
  6 ball pythons
  3 bats (D:2)
  3 frilled lizards
  8 kobolds
  2 rats (D:1)
70 creatures vanquished.

Vanquished Creatures (others)
  173 foxfires
173 creatures vanquished.

Grand Total: 243 creatures vanquished

Notes
Turn   | Place    | Note
-------+----------+-------------------------------------------
     0 | D:1      | Ijustatesigmund the Deep Elf Fire Elementalist began the
                  | quest for the Orb.
     0 | D:1      | Reached XP level 1. HP: 10/10 MP: 6/6
   353 | D:1      | Reached XP level 2. HP: 15/15 MP: 6/8
   356 | D:1      | Learned a level 2 spell: Scorch
   678 | D:1      | You fall into a shaft and drop 1 floor!
   783 | D:2      | Reached XP level 3. HP: 19/19 MP: 10/10
   971 | D:2      | Reached skill level 4 in Spellcasting
  1670 | D:3      | Noticed Robin
  1684 | D:3      | Reached XP level 4. HP: 12/24 MP: 12/12
  1708 | D:3      | Killed Robin
  2388 | D:4      | Noticed a scorpion
  2391 | D:4      | Killed a scorpion
  2392 | D:4      | Reached XP level 5. HP: 28/28 MP: 14/14
  2480 | D:4      | Reached skill level 1 in Fighting
  2480 | D:4      | Reached skill level 5 in Spellcasting
  2654 | D:4      | Killed from afar by an orc priest

Illustrated notes

Levels and vault maps discovered:
D:1:      tarquinn_simple_flora_water_b, layout_loops_ring
D:2:      layout_loops_cross, kennysheep_big_empty_room
D:3:      layout_basic, uniq_robin
D:4:      nicolae_cairo_tiling_large_dashed, layout_cave_pools

Skill      XL: |  1  2  3  4  5 |
---------------+----------------+-----
Conjurations   | 2 3 |  3.5
Spellcasting   | 4 5 |  5.1
Fire Magic     | 4 |  4.8
Fighting       | 1 |  1.2
Dodging        | |  2.4
Stealth        | |  2.4

Action                   |  1- 3 |  4- 6 || total
-------------------------+-------+-------++-------
 Cast: Foxfire           |    62 |    43 ||   105
       Scorch            |     2 |    18 ||    20
  Use: Scroll            |     2 |     3 ||     5
       Potion            |       |     5 ||     5
Armor: Robe              |     2 |     3 ||     5
       Skin              |       |    34 ||    34
Dodge: Dodged            |     5 |    14 ||    19

Table legend: (Time is in decaauts)
 A = Elapsed time spent in this place.
 B = Non-inter-level travel time spent in this place.
 C = Inter-level travel time spent in this place.
 D = Time resting spent in this place.
 E = Time spent auto-exploring this place.
 F = Levels seen in this place.
 G = Mean time per level.
                   A        B        C        D        E       F      G
               +--------+--------+--------+--------+--------+-----+--------+
         Total |   2631 |   2616 |     15 |    246 |   1959 |   4 |  657.8 |
       Dungeon |   2631 |   2616 |     15 |    246 |   1959 |   4 |  657.8 |
               +--------+--------+--------+--------+--------+-----+--------+

Top non-repeatable levels by time:
     D:2: 931 daAuts
     D:3: 757 daAuts
     D:1: 677 daAuts
     D:4: 265 daAuts
